Unix NetHack Version 3.7.0-101 Work-in-progress - last build Mar 4 2024 02:26:32 (3c4ac04b664b9ee0831c739617f054b5b60dbfd1,branch:master). Game began 2024-03-16 16:38:58, ended 2024-03-18 21:03:48. spontiff, neutral male gnomish Healer --- ------------ *..............................| ####.........................|.---------------------|. ###*##...--------------------|.........[..............| 0*# |..........|.---------------------|.| ##* |..-------.|.-------------------- |.| ------------- #0# |..| |..........).........).|--.- |...........| *### |).| -----------------------|.... |---..-----.| ###* |..------------------------------..-----|..|..| |.| d@## ...|.....*......*..).***.).)..........|....|..|..| |.| j## * .-|..------------------------------..---..|..|..----|.| #*0 *# #..|).|......)[.........0*.........|....|*.-|-|.....||.| .*### h #)*#...)|)....)...)...."(..........---....|...).|--..^||.| .*###* *### #|......).....^..<[............|...---|.|`--- |...||.| #*#*#*#####**0## |..|.[.....................(..|...| ---|)| -----|.| ###*####**### |..----------------------------...---)--|----------.| ###*0##0*###* |..........."......^................*..))...........| ----------------------------------------------------- Spontiff the Rhizotomist St:16 Dx:10 Co:18 In:10 Wi:15 Ch:17 Neutral S:478 Dlvl:10 $:0 HP:0(55) Pw:3(8) AC:-12 Xp:1/7 T:18803 Latest messages: You drop 29 arrows. The large dog picks up an arrow. You swap places with your large dog. The large dog drops an arrow. The large dog bites it. The large dog bites it. The large dog is splashed by its acid! You swap places with your large dog. You see here an arrow. You hear a jackal howling at the moon. What do you want to use or apply? [fklostwxzM or ?*] s In what direction? u Status of the leprechaun (neutral, tiny): Level 6 HP 36(36) AC 8. What do you want to use or apply? [fklostwxzM or ?*] s In what direction? l Status of the large dog (neutral, medium): Level 9 HP 69(72) AC 4, tame, leashed. The large dog misses the leprechaun. You see here 11 rocks. With great effort you move the boulder. You see here 11 rocks. The large dog picks up a rock. With great effort you move the boulder. You hear a jackal howling at the moon. You hit the blue jelly. You are suddenly very cold! The large dog bites the blue jelly. You hit the blue jelly. The large dog bites the blue jelly. The large dog is suddenly very cold! You hit the blue jelly. The large dog bites the blue jelly. You miss the blue jelly. The large dog bites the blue jelly. The large dog is suddenly very cold! What do you want to use or apply? [fklostwxzM or ?*] s In what direction? b Status of the blue jelly (neutral, medium): Level 5 HP 29(34) AC 8. Your recall of this spell is gradually fading. In what direction? h The large dog looks better. The large dog bites the blue jelly. The large dog is suddenly very cold! What do you want to use or apply? [fklostwxzM or ?*] s In what direction? b Status of the blue jelly (neutral, medium): Level 5 HP 29(34) AC 8. You miss the blue jelly. You are suddenly very cold! You die... Do you want your possessions identified? [ynq] (y) y Do you want to see the dungeon overview? [ynq] (y) q Inventory: Amulets A - an uncursed amulet of reflection (being worn) Armor h - an uncursed +0 dwarvish iron helm (being worn) g - an uncursed +1 pair of leather gloves (being worn) v - a blessed +1 pair of low boots (being worn) r - a blessed +1 small shield (being worn) q - an uncursed +1 cloak of magic resistance (being worn) d - an uncursed +1 leather armor (being worn) Comestibles y - an uncursed apple n - an uncursed food ration Potions c - a blessed potion of extra healing Wands M - an uncursed wand of magic missile (0:3) Tools f - an uncursed sack containing 12 items t - an uncursed blindfold z - an uncursed leash (attached to the large dog) w - an uncursed mirror x - an uncursed oil lamp k - an uncursed skeleton key s - an uncursed stethoscope o - an uncursed tin whistle Gems/Stones E - 3 uncursed rubies l - an uncursed luckstone Contents of the sack: 261 gold pieces 4 uncursed food rations an uncursed scroll of identify a cursed scroll of light 3 uncursed potions of object detection 2 uncursed potions of water an uncursed ring of free action an uncursed wand of striking (0:2) an uncursed +0 pick-axe an uncursed amethyst stone 3 uncursed emeralds an uncursed sapphire Spontiff the Healer's attributes: Background: You were a Rhizotomist, a level 1 male gnomish Healer. You were neutral, on a mission for Hermes who was opposed by Athena (lawful) and Poseidon (chaotic). You were right-handed. You were in the Gnomish Mines, on level 10. You entered the dungeon 18803 turns ago. You had 7 experience points, 13 more were needed to attain level 2. Your score was 478 before end-of-game adjustments. Basics: You had 0 out of 55 hit points. You had 3 out of 8 energy points (spell power). Your armor class was -12. Your wallet was empty, but you had 261 zorkmids stashed away in your pack. Autopickup was on for '$!/="?' plus thrown, with exceptions. Final Characteristics: Your strength was 16 (limit:18/50). Your dexterity was 10 (limit:18). Your constitution was 18 (limit:18). Your intelligence was 10 (limit:19). Your wisdom was 15 (limit:18). Your charisma was 17 (limit:18). Final Status: You weren't hungry. You were unencumbered. You were empty handed. You were unskilled in bare handed combat. Final Attributes: You were piously aligned. You were magic-protected. You were poison resistant. You were telepathic. You had infravision. You had a moderate defense bonus (+9). You were warded. You had reflection. You were lucky. You had extra luck. Bad luck did not time out for you. Good luck did not time out for you. You are dead. Miscellaneous: You encountered 1 bones level. Total elapsed playing time was 6 hours, 51 minutes and 22 seconds. Major events: Turn 1: spontiff the neutral male gnomish Healer entered the dungeon 549: entered the Gnomish Mines 2479: reached Mine Town 2673: found Sting on the floor 9248: acquired the Mines' End luckstone 18803: killed by a blue jelly Vanquished creatures: a watch captain a ghost 2 small mimics 4 watchmen a leprechaun 4 giant spiders a dwarf leader 2 water moccasins a soldier ant an imp 3 wood nymphs a water nymph 3 Mordor orcs 3 rock piercers a rock mole 3 fog clouds 2 yellow lights 4 shriekers 6 gnome leaders 5 gnomish wizards 2 gray oozes an elf zombie a ghoul a straw golem 5 giant ants 2 little dogs 5 floating eyes 2 kittens 13 dwarves 9 homunculi a kobold leader 2 kobold shamans 9 hill orcs 6 rothes a centipede 2 giant bats 4 orc zombies a dwarf zombie a wererat 2 werejackals 12 iguanas 5 killer bees 12 acid blobs a coyote 3 gas spores 10 hobbits 6 manes 4 hobgoblins 13 giant rats 7 cave spiders 4 brown molds 4 yellow molds 4 green molds 4 red molds 32 gnomes 3 garter snakes 8 gnome zombies 16 geckos 24 jackals 8 foxes 4 kobolds 8 goblins 13 sewer rats 16 grid bugs 11 bats 18 lichens 6 kobold zombies 26 newts 401 creatures vanquished. No species were genocided or became extinct. Voluntary challenges: You never hit with a wielded weapon. You read items or engraved 12 times. You engraved Elbereth 5 times. You never genocided any monsters. You never polymorphed an object. You used no wishes. Achievements: You entered the Gnomish Mines. You entered Minetown. You entered a shop. You entered a temple. You completed the Gnomish Mines. The Dungeons of Doom: levels 1 to 7 Level 1: "Pool" Level 2: Stairs down to The Gnomish Mines. Level 3: A fountain. Level 4: "Stash" A general store, an altar to Hermes. Level 5: A general store. Level 6: Level 7: The Gnomish Mines: levels 3 to 10 Level 3: Level 4: "magic trap" Level 5: Level 6: Many shops, a temple and an altar. Final resting place for nabru-Wiz-Elf-Fem-Cha, killed by a soldier ant. Level 7: Level 8: "magic trap" Level 9: Level 10: "Cellar; come back with objdet? Have booze and luckstone" <- You were here. Final resting place for you, killed by a blue jelly. Game over: ---------- / \ / REST \ / IN \ / PEACE \ / \ | spontiff | | 261 Au | | killed by a blue | | jelly | | | | | | 2024 | *| * * * | * _________)/\\_//(\/(/\)/\//\/|_)_______ Goodbye spontiff the Healer... You died in The Gnomish Mines on dungeon level 10 with 478 points, and 261 pieces of gold, after 18803 moves. You were level 1 with a maximum of 55 hit points when you died.